 Dungeon Crawl Stone Soup version 0.32-a0-450-g080537f31e (webtiles) character file.

Game seed: 17054920601017611384

253 Dittersdorf the Trooper (level 6, -2/39 HPs)
             Began as a Gargoyle Fighter on Feb 23, 2024.
             Incinerated by a bombardier beetle (8 damage)
             ... with a burning spray
             ... on level 4 of the Dungeon.
             The game lasted 00:03:08 (2668 turns).

Dittersdorf the Trooper (Gargoyle Fighter)          Turns: 2668, Time: 00:03:09

Health: -2/39      AC: 11    Str: 22    XL:     6   Next: 14%
Magic:  6/6        EV:  9    Int:  8    God:
Gold:   172        SH:  4    Dex:  9    Spells: 5/5 levels left

rFire   . . .        a - +0 flail
rCold   . . .        c - +0 buckler
rNeg    + . .        b - +0 scale mail
rPois   ∞            (no helmet)
rElec   +            (no cloak)
rCorr   .            (no gloves)
SInv    .            (no boots)
Will    .....        (no amulet) Stlth
                     (no ring)
HPRegen 0.26/turn    (no ring)
MPRegen 0.10/turn

%: no passive effects
@: on fire, glowing
A: sickness immunity, AC +4, negative energy resistance 1, electricity
resistance, torment resistance 1, petrification resistance
a: no special abilities


You were on level 4 of the Dungeon.
You visited 1 branch of the dungeon, and saw 4 of its levels.
You also visited: Sewer.

You collected 172 gold pieces.

Inventory:

Hand Weapons
 a - a +0 flail (weapon)
Armour
 b - a +0 scale mail (worn)
 c - a +0 buckler (worn)
Jewellery
 l - a ring of fire
Scrolls
 e - a scroll of teleportation
 g - a scroll of poison
 i - a scroll of blinking
 n - a scroll of revelation
 o - a scroll of fog
Potions
 d - a potion of might
 f - a potion of haste {unknown}
 h - 4 potions of curing
 j - 2 potions of magic {unknown}
 k - 3 potions of heal wounds
 m - 2 potions of brilliance
 p - 2 potions of enlightenment
 q - a potion of ambrosia {unknown}
 r - a potion of degeneration {unknown}


   Skills:
 + Level 4.7 Fighting
 + Level 3.4 Maces & Flails
 + Level 4.5 Armour
 + Level 4.6 Shields


You had 5 spell levels left.
You didn't know any spells.
Your spell library was empty.

Dungeon Overview and Level Annotations

Branches:
Dungeon (4/15)              Sewer (visited)
 Temple: D:4-7

Altars:
The Shining One


Innate Abilities, Weirdness & Mutations

You are immune to sickness and miasma.
Your stone body is resilient. (AC +4)
You are immune to poison.
You resist negative energy. (rN+)
You are resistant to electric shocks. (rElec)
You are resistant to unholy torment.
You are immune to petrification.


Message History

The bombardier beetle is severely wounded.
The liquid fire burns you!
The bombardier beetle barely misses you.
You barely miss the bombardier beetle.
The bombardier beetle is severely wounded.
The liquid fire burns you!
You barely miss the bombardier beetle.
The bombardier beetle is severely wounded.
The liquid fire burns you!
The bombardier beetle completely misses you.
You are too injured to fight recklessly!
You are too injured to fight recklessly!
You are too injured to fight recklessly!
You are too injured to fight recklessly!
You are too injured to fight recklessly!
You are too injured to fight recklessly!
You are too injured to fight recklessly!
You are too injured to fight recklessly!
You are too injured to fight recklessly!
You are too injured to fight recklessly!
You are too injured to fight recklessly!
You are too injured to fight recklessly!
You are too injured to fight recklessly!
You are too injured to fight recklessly!
You are too injured to fight recklessly!
You are too injured to fight recklessly!
You hit the bombardier beetle.
The bombardier beetle is severely wounded.
The liquid fire burns you!
The bombardier beetle bites you but does no damage.
You hit the bombardier beetle.
The bombardier beetle is almost dead.
The liquid fire burns you!
* * * LOW HITPOINT WARNING * * *
The bombardier beetle bites you.
* * * LOW HITPOINT WARNING * * *
You hit the bombardier beetle.
You kill the bombardier beetle!
The liquid fire burns you!
You die...

#.. ###.# .# ..#.#
...###.#.# # #.....#.#
.# #.##..#.# ..##
#.##....### .....
#.....#...#######......
#..##.#+#...)))@.......
#..........########....
##..........# #
...#........#
..##........#
..##..(...<.#
..##........#
..##........#
..##........#


There were no monsters in sight!

Vanquished Creatures
  A kobold brigand (Sewer)
  A bombardier beetle (D:4)
  Robin (D:4)
  4 gnolls
  A river rat (Sewer)
  3 adders
  2 dart slugs
  3 orcs (D:3)
  10 bats
  An endoplasm (D:1)
  4 giant cockroaches
  16 goblins
  7 hobgoblins
  3 jackals
  11 kobolds
  4 quokkas
  9 ball pythons
  2 frilled lizards
  12 rats
95 creatures vanquished.

Notes
Turn   | Place    | Note
-------+----------+-------------------------------------------
     0 | D:1      | Dittersdorf the Gargoyle Fighter began the quest for the
                  | Orb.
     0 | D:1      | Reached XP level 1. HP: 14/14 MP: 1/1
   138 | D:1      | Reached XP level 2. HP: 19/19 MP: 2/2
   502 | D:1      | Reached XP level 3. HP: 24/24 MP: 3/3
   965 | D:2      | Reached XP level 4. HP: 27/29 MP: 4/4
  1440 | D:2      | Found a faded altar of an unknown god.
  1853 | D:3      | Found a glowing drain.
  1865 | Sewer    | Entered a sewer
  1883 | Sewer    | Reached XP level 5. HP: 33/33 MP: 5/5
  1967 | Sewer    | Noticed a kobold brigand
  1990 | Sewer    | Killed a kobold brigand
  2080 | Sewer    | Found a white marble altar of Elyvilon.
  2198 | D:3      | Found a glowing golden altar of the Shining One.
  2529 | D:4      | Reached XP level 6. HP: 19/39 MP: 6/6
  2631 | D:4      | Noticed Robin
  2661 | D:4      | Killed Robin
  2668 | D:4      | Incinerated by a bombardier beetle

Illustrated notes

Levels and vault maps discovered:
D:1:      giann_wishing_wells, layout_loops_ring, hangedman_feature_mirror
D:2:      layout_basic, ebering_ecumenical_altar_petrified,
          minmay_misc_feat_square, minmay_nonomino_d4
D:3:      wad_pebble_path, layout_rooms, mainiacjoe_overflow_small_starburst,
          portal_sewer_entry_b, grunt_ministairs_13
D:4:      layout_basic, uniq_menkaure, uniq_robin, uniq_ijyb

Skill      XL: |  1  2  3  4  5 |
---------------+----------------+-----
Fighting       | 4 |  4.7
Shields        | 4 |  4.6
Armour         | 4 |  4.5
Maces & Flails | 3 |  3.4

Action                     |  1- 3 |  4- 6 || total
---------------------------+-------+-------++-------
  Melee: Flail             |   131 |   204 ||   335
    Use: Scroll            |       |    10 ||    10
 Armour: Scale mail        |   113 |   186 ||   299
  Dodge: Dodged            |    79 |   116 ||   195
  Block: Buckler           |    35 |    54 ||    89

Table legend: (Time is in decaauts)
 A = Elapsed time spent in this place.
 B = Non-inter-level travel time spent in this place.
 C = Inter-level travel time spent in this place.
 D = Time resting spent in this place.
 E = Time spent auto-exploring this place.
 F = Levels seen in this place.
 G = Mean time per level.
                   A        B        C        D        E       F      G
               +--------+--------+--------+--------+--------+-----+--------+
         Total |   2794 |   2709 |     85 |     56 |   1860 |   5 |  558.8 |
       Dungeon |   2494 |   2409 |     85 |      0 |   1724 |   4 |  623.5 |
         Sewer |    300 |    300 |      0 |     56 |    136 |   1 |  300.0 |
               +--------+--------+--------+--------+--------+-----+--------+

Top non-repeatable levels by time:
     D:1: 919 daAuts
     D:2: 856 daAuts
     D:3: 554 daAuts
   Sewer: 300 daAuts
     D:4: 164 daAuts
